 Dungeon Crawl Stone Soup version 0.29.1-13-g9f3cf754e1 (webtiles) character file.

Game seed: 3153429786285912906

210 Peloso the Slasher (level 5, -1/70 HPs)
             Began as a Minotaur Fighter on Jan 22, 2023.
             Succumbed to Sigmund's poison
             ... on level 2 of the Dungeon.
             The game lasted 00:05:42 (2257 turns).

Peloso the Slasher (Minotaur Fighter)               Turns: 2257, Time: 00:05:43

Health: -1/70      AC: 13    Str: 20    XL:     5   Next: 56%
Magic:  4/4        EV:  7    Int:  5    God:
Gold:   155        SH:  0    Dex: 12    Spells: 4/4 levels left

rFire   . . .      SeeInvis .   a - +0 long sword
rCold   . . .      Faith    .   c - +0 buckler
rNeg    . . .      Spirit   .   f - +0 shadow dragon scales
rPois   .          Reflect  .   (helmet restricted)
rElec   .          Harm     .   (no cloak)
rCorr   .          Rampage  .   (no gloves)
Will    .....                   (no boots)
Stlth   ..........              (no amulet)
HPRegen 0.21/turn               (no ring)
MPRegen 0.09/turn               (no ring)

@: confused, berserking, lethally poisoned (-1 -> -27), very quick
A: horns 2, retaliatory headbutt
a: no special abilities


You were on level 2 of the Dungeon.
You visited 1 branch of the dungeon, and saw 4 of its levels.

You collected 155 gold pieces.

Inventory:

Hand Weapons
 a - a +0 long sword (weapon)
Armour
 b - a +0 scale mail
 c - a +0 buckler (worn)
 f - +0 shadow dragon scales (worn)
Scrolls
 g - a scroll of poison
 i - a scroll of torment {unknown}
 j - a scroll of enchant armour {unknown}
 k - a scroll of identify
 l - a scroll of blinking {unknown}
Potions
 d - 3 potions of might
 h - a potion of degeneration {unknown}
 m - a potion of heal wounds {unknown}


   Skills:
 + Level 4.3 Fighting
 + Level 4.6 Long Blades
 + Level 4.5 Armour
 + Level 0.8 Dodging
 + Level 1.5 Stealth
 + Level 4.5 Shields


You had 4 spell levels left.
You didn't know any spells.
Your spell library contained the following spells:

 Spells                   Type           Power      Damage    Failure   Level
 Gell's Gravitas          Tloc           0%         N/A       100%        3
 Ignite Poison            Fire/Tmut/Pois 0%         N/A       100%        3
 Mephitic Cloud           Conj/Pois/Air  0%         N/A       100%        3
 Teleport Other           Tloc           0%         N/A       100%        3
 Freezing Cloud           Conj/Ice/Air   0%         6-21      100%        5
 Dispersal                Tloc           0%         N/A       100%        6


Dungeon Overview and Level Annotations

Branches:
Dungeon (4/15)
 Temple: D:4-7

Altars:

Annotations:
D:2 Sigmund


Innate Abilities, Weirdness & Mutations

You have a pair of horns on your head.
You reflexively headbutt those who attack you in melee.


Message History

An endoplasm comes into view.
You slash the hobgoblin!
You kill the hobgoblin!
You see here a hobgoblin corpse.
Found a stone staircase leading down.
You completely miss the endoplasm. You headbutt the endoplasm.
You kill the endoplasm!
You closely miss Sigmund.
Sigmund shouts!
Your headbutt misses Sigmund.
Sigmund hits you with a +6 scythe of venom!
You are poisoned.
You closely miss Sigmund. You headbutt Sigmund!
Sigmund is moderately wounded.
You feel very sick. Sigmund hits you but does no damage.
You are more poisoned.
You hit Sigmund.
Sigmund is heavily wounded.
You feel extremely sick.
Sigmund points at you and mumbles some strange words.
You are confused.
You're too confused to move!
You feel very sick.
Sigmund hits you with a +6 scythe of venom.
You are lethally poisoned!
You bump into the rock wall.
* * * LOW HITPOINT WARNING * * *
You feel very sick.
You hit Sigmund.
Sigmund is heavily wounded.
* * * LOW HITPOINT WARNING * * *
You feel very sick.
Sigmund hits you with a +6 scythe of venom.
* * * LOW HITPOINT WARNING * * *
You are more poisoned.
It was a potion of berserk rage.
A red film seems to cover your vision as you go berserk!
You feel yourself moving faster!
You feel mighty!
You die...

##### # ##...######
#.##...>.#...####
#...............#
##.....#...##.#
##^..###.###.#########
##.#.@@...†........(#
..
#!#.##.#####.#####.# .
#.#.##.# #.# #.# .
..#.##.# #.# #.# .
###.##.# #.# #.# #
#.##.# #.# #.# #
#....# #.# #.# #
#..### #.# ##.## # ##
#.. #....


You could see Sigmund.

Vanquished Creatures
  A centaur (D:3)
  Natasha (D:4)
  3 adders
  3 worms (D:2)
  3 dart slugs (D:1)
  2 orcs (D:3)
  8 ball pythons
  3 bats
  4 endoplasms
  2 giant cockroaches
  5 goblins
  5 hobgoblins
  3 jackals (D:1)
  5 quokkas
  8 kobolds
  4 rats (D:1)
60 creatures vanquished.

Notes
Turn   | Place    | Note
-------+----------+-------------------------------------------
     0 | D:1      | Peloso the Minotaur Fighter began the quest for the Orb.
     0 | D:1      | Reached XP level 1. HP: 19/19 MP: 0/0
    28 | D:1      | Reached XP level 2. HP: 17/27 MP: 1/1
   174 | D:1      | Noticed a golden eye
   175 | D:1      | Found a faded altar of an unknown god.
   186 | D:1      | Noticed a golden eye
   186 | D:1      | Noticed a great orb of eyes
   186 | D:1      | Noticed a great orb of eyes
   486 | D:1      | Reached XP level 3. HP: 32/33 MP: 2/2
   734 | D:2      | Noticed Sigmund
  1190 | D:2      | Reached XP level 4. HP: 40/40 MP: 3/3
  1831 | D:3      | Noticed a centaur
  1837 | D:3      | Killed a centaur
  1838 | D:3      | Reached skill level 1 in Stealth
  1838 | D:3      | Reached XP level 5. HP: 47/47 MP: 4/4
  1951 | D:4      | Noticed Natasha
  1965 | D:4      | Killed Natasha
  2068 | D:4      | Noticed an ogre
  2257 | D:2      | Succumbed to Sigmund's poison

Illustrated notes

Levels and vault maps discovered:
D:1:      scummos_arrival_simple_crosswalls, layout_rooms,
          hellmonk_ecumenical_altar_watching_god
D:2:      layout_loops_ring, uniq_sigmund
D:3:      layout_basic, serial_bayou_ford_a, chequers_arboretum, hex_large
D:4:      layout_basic, overflow_temple_1_default, kennysheep_path_1,
          uniq_natasha

Skill      XL: |  1  2  3  4 |
---------------+-------------+-----
Shields        | 4 |  4.5
Armour         | 4 |  4.5
Fighting       | 4 |  4.3
Long Blades    | 3 4 |  4.6
Stealth        | 1 |  1.5
Dodging        | |  0.8

Action                   |  1- 3 |  4- 6 || total
-------------------------+-------+-------++-------
Melee: Long sword        |   108 |    64 ||   172
       Headbutt          |    11 |     7 ||    18
  Use: Potion            |     2 |     2 ||     4
       Scroll            |       |     4 ||     4
 Stab: Sleeping          |     7 |     4 ||    11
Armor: Scale mail        |    28 |       ||    28
       Shadow dragon sca |    54 |    40 ||    94
Dodge: Dodged            |    51 |    22 ||    73
Block: Buckler           |    36 |    14 ||    50
